Map: [ESL] Ghost River

Players

DnS

  • Race: Protoss Protoss
  • Spawn Location: 1:00

ShaDoWn - Winner!

  • Race: Protoss Protoss
  • Spawn Location: 11:00

Event: ESL SC2 Masters 2024 Spring (Regional)

VOD

Have the link to the VOD?

Description

Time

  • Played on: April 10, 2024, 9:27 a.m.
  • Length: 10:34

All games in this series

Show
View Real Time Build Order
Export as new Build Order

DnS Protoss 

Build Orders: Phoenix Opening, Blink Stalkers 

Get SALT Encoding   

  12  0:00  Probe  
  13  0:12  Probe  
  14  0:17  Pylon  
  14  0:24  Probe (Chrono Boost)  
  15  0:36  Probe (Chrono Boost), Gateway  
  16  0:44  Probe (Chrono Boost)  
  16  0:45  Assimilator  
  17  0:50  Probe  
  17  0:54  Assimilator  
  18  1:03  Probe (Chrono Boost)  
  19  1:07  Gateway  
  20  1:12  Probe (Chrono Boost)  
  20  1:17  Probe (Chrono Boost)  
  20  1:23  Cybernetics Core  
  21  1:29  Probe  
  22  1:35  Pylon  
  22  1:41  Probe  
  23  1:53  Probe  
  24  1:59  Stalker  
  24  2:00  Stalker  
  28  2:03  Warp Gate  
  28  2:06  Probe  
  29  2:13  Pylon  
  29  2:29  Stalker  
  31  2:31  Stalker  
  33  2:54  Nexus  
  33  2:58  Probe  
  34  3:01  Sentry  
  34  3:02  Sentry  
  38  3:10  Pylon  
  38  3:15  Probe  
  39  3:22  Twilight Council  
  39  3:28  Probe  
  40  3:36  Phoenix  
  40  3:40  Probe  
  41  3:49  Blink (Chrono Boost)  
  41  3:53  Stalker x2, Probe  
  46  4:06  Probe (Chrono Boost)  
  48  4:10  Probe (Chrono Boost)  
  48  4:16  Probe (Chrono Boost)  
  49  4:19  Stalker, Probe (Chrono Boost)  
  49  4:20  Stalker  
  49  4:21  Probe (Chrono Boost)  
  55  4:29  Probe  
  56  4:33  Probe  
  57  4:40  Nexus  
  57  4:46  Pylon  
  57  4:53  Pylon, Probe  
  58  5:04  Adept x2  
  58  5:05  Probe  
  58  5:06  Probe  
  64  5:08  Assimilator  
  64  5:13  Forge  
  64  5:18  Probe x2  
  66  5:30  Probe x2  
  68  5:37  Gateway  
  68  5:38  Gateway  
  68  5:39  Robotics Facility  
  68  5:45  Probe (Chrono Boost)  
  68  5:46  Stalker x2  
  74  5:51  Probe (Chrono Boost)  
  74  5:56  Probe (Chrono Boost)  
  71  5:57  Protoss Ground Weapons Level 1, Probe (Chrono Boost)  
  71  6:01  Probe (Chrono Boost)  
  71  6:04  Probe (Chrono Boost)  
  71  6:08  Charge  
  71  6:09  Probe (Chrono Boost)  
  73  6:13  Probe (Chrono Boost)  
  73  6:15  Probe (Chrono Boost)  
  73  6:17  Probe (Chrono Boost)  
  75  6:22  Probe (Chrono Boost)  
  75  6:23  Observer  
  75  6:25  Probe (Chrono Boost)  
  78  6:27  Probe (Chrono Boost)  
  78  6:30  Probe (Chrono Boost)  
  81  6:34  Stalker x4, Probe (Chrono Boost)  
  81  6:35  Probe (Chrono Boost)  
  81  6:36  Probe (Chrono Boost)  
  91  6:43  Probe  
  91  6:45  Probe  
  93  6:48  Shield Battery  
  93  6:51  Pylon x2  
  93  6:53  Pylon  
  93  7:04  Observer  
  93  7:09  Immortal (Chrono Boost), Probe x2  
  93  7:13  Probe  
  100  7:20  Gateway  
  100  7:21  Gateway  
  100  7:22  Gateway  
  100  7:23  Stalker x4  
  100  7:24  Gateway  
  108  7:32  Pylon, Nexus  
  108  7:33  Probe x2  
  108  7:34  Probe  
  111  7:38  Observer (Chrono Boost)  
  111  7:40  Pylon  
  111  7:41  Pylon  
  111  7:42  Photon Cannon  
  110  7:47  Photon Cannon  
  107  7:56  Stalker x4  
  115  8:05  Probe x2  
  115  8:06  Warp Prism, Probe  
  115  8:12  Protoss Ground Weapons Level 2 (Chrono Boost)  
  115  8:17  Probe  
  115  8:19  Probe x2  
  118  8:23  Stalker x4  
  126  8:29  Probe  
  126  8:31  Photon Cannon  
  127  8:34  Probe  
  127  8:38  Shield Battery, Probe  
  129  8:41  Observer (Chrono Boost), Probe  
  129  8:42  Zealot x2  
  129  8:45  Zealot  
  129  8:46  Zealot, Probe  
  140  8:49  Dark Shrine  
  140  8:59  Stalker x4  
  148  9:12  Gateway  
  148  9:13  Gateway  
  148  9:14  Pylon  
  148  9:16  Stalker x2  
  152  9:21  Pylon  
  152  9:24  Pylon x2  
  150  9:34  Observer (Chrono Boost)  
  150  9:36  Zealot x6  
  137  9:49  Photon Cannon  
  104  9:53  Stalker x2  
Show
View Real Time Build Order
Export as new Build Order

ShaDoWn Protoss - Winner!

Build Orders: Phoenix Opening 

Get SALT Encoding   

  12  0:00  Probe  
  13  0:12  Probe  
  14  0:17  Pylon  
  14  0:24  Probe  
  15  0:35  Gateway  
  15  0:37  Probe (Chrono Boost)  
  16  0:46  Assimilator, Probe (Chrono Boost)  
  17  0:51  Probe (Chrono Boost)  
  18  1:03  Probe (Chrono Boost)  
  19  1:04  Assimilator  
  19  1:08  Gateway  
  19  1:12  Probe (Chrono Boost)  
  19  1:17  Probe (Chrono Boost)  
  20  1:23  Cybernetics Core  
  21  1:29  Probe  
  22  1:34  Pylon  
  22  1:41  Probe  
  23  1:53  Probe  
  24  1:59  Warp Gate (Chrono Boost), Stalker  
  28  2:04  Sentry  
  28  2:07  Probe  
  29  2:18  Pylon  
  29  2:19  Probe  
  30  2:34  Nexus  
  30  2:35  Phoenix  
  30  2:37  Sentry  
  30  2:40  Probe  
  30  2:42  Sentry  
  35  2:52  Probe  
  36  3:00  Robotics Facility  
  36  3:05  Pylon, Probe  
  37  3:11  Stalker  
  39  3:23  Probe  
  40  3:35  Probe  
  41  3:45  Immortal (Chrono Boost)  
  41  3:46  Stalker  
  41  3:47  Probe  
  49  3:51  Stalker  
  49  3:53  Probe  
  51  3:59  Probe  
  52  4:05  Probe  
  53  4:11  Probe  
  53  4:14  Observer  
  54  4:17  Probe  
  54  4:20  Nexus  
  54  4:23  Probe  
  57  4:29  Probe  
  58  4:32  Pylon  
  58  4:35  Probe  
  59  4:41  Pylon, Probe  
  59  4:42  Forge  
  60  4:47  Assimilator  
  60  4:52  Probe  
  61  4:53  Probe  
  61  4:59  Twilight Council  
  62  5:04  Probe  
  62  5:05  Probe  
  62  5:06  Assimilator  
  64  5:08  Immortal (Chrono Boost)  
  64  5:13  Adept  
  70  5:14  Adept  
  70  5:16  Probe  
  70  5:18  Probe  
  70  5:20  Protoss Ground Weapons Level 1 (Chrono Boost)  
  74  5:28  Probe  
  74  5:30  Probe  
  74  5:34  Stalker x2  
  74  5:35  Probe  
  81  5:40  Probe  
  81  5:42  Probe  
  83  5:47  Probe  
  84  5:52  Blink (Chrono Boost)  
  84  5:53  Immortal, Probe (Chrono Boost)  
  84  5:54  Probe (Chrono Boost)  
  81  5:57  Observer  
  81  5:59  Probe (Chrono Boost)  
  82  6:05  Probe (Chrono Boost)  
  82  6:06  Probe (Chrono Boost), Dark Shrine  
  82  6:09  Probe (Chrono Boost)  
  82  6:11  Observer, Probe (Chrono Boost)  
  84  6:13  Stalker x2, Probe (Chrono Boost)  
  84  6:15  Probe  
  84  6:17  Pylon  
  91  6:24  Probe  
  91  6:25  Probe  
  93  6:28  Gateway  
  93  6:32  Gateway  
  93  6:37  Adept  
  93  6:38  Adept  
  97  6:44  Pylon, Nexus  
  97  6:46  Observer  
  99  6:59  Stalker  
  100  7:02  Stalker  
  100  7:04  Probe  
  100  7:06  Probe  
  102  7:10  Probe  
  102  7:13  Photon Cannon  
  102  7:14  Protoss Ground Weapons Level 2 (Chrono Boost)  
  103  7:16  Shadow Stride (Chrono Boost), Gateway  
  103  7:19  Probe, Gateway  
  103  7:22  Probe  
  105  7:25  Dark Templar  
  105  7:28  Dark Templar  
  109  7:35  Pylon  
  109  7:36  Gateway  
  109  7:37  Gateway  
  109  7:49  Pylon  
  109  7:50  Pylon, Probe x2  
  109  7:53  Probe  
  109  7:55  Charge (Chrono Boost)  
  109  7:57  Stalker x2, Gateway  
  109  7:58  Photon Cannon  
  114  7:59  Probe  
  114  8:02  Probe x2  
  114  8:05  Probe  
  116  8:07  Stalker x2  
  116  8:10  Gateway  
  116  8:11  Probe  
  117  8:13  Gateway  
  117  8:14  Probe x2  
  117  8:15  Observer  
  117  8:17  Probe  
  121  8:23  Zealot x4  
  121  8:24  Gateway  
  129  8:34  Dark Templar x2  
  129  8:38  Dark Templar  
  135  8:44  Assimilator  
  135  8:45  Assimilator, Photon Cannon  
  135  8:46  Pylon, Observer  
  135  8:47  Pylon  
  135  8:49  Pylon  
  135  8:50  Zealot  
  135  8:51  Zealot x4  
  146  9:00  Stalker  
  148  9:02  Pylon  
  148  9:10  Stalker  
  148  9:11  Stalker  
  148  9:16  Zealot x4  
  148  9:17  Zealot x4  
  165  9:18  Zealot  
  165  9:23  Probe  
  170  9:24  Nexus  
  170  9:26  Pylon  
  168  9:37  Stalker x5  
  176  9:46  Zealot x5  
  176  9:49  Probe  
  178  9:57  Stalker x2  
  174  10:02  Stalker x5  
  167  10:13  Pylon x2  
  167  10:20  Pylon  
Tags
 
Add a new tag
Caveats
  • Supply blocks, unpowered buildings, or Contaminate may cause inaccurate times.
  • Supply counts are checked every 10 seconds.